 Dungeon Crawl Stone Soup version 0.27-a0-597-g524d869a0f (webtiles) character file.

Game seed: 9999763467977521186

292 robertstho the Chiller (level 6, -19/42 (44) HPs)
             Began as a Gnoll Ice Elementalist on Mar 11, 2021.
             Killed by an exploding wight (28 damage)
             ... ignited by their inner flame
             ... on level 4 of the Dungeon.
             The game lasted 00:05:29 (2594 turns).

robertstho the Chiller (Gnoll Ice Elementalist)     Turns: 2594, Time: 00:05:30

HP:   -19/42 (44)   AC:  3    Str:  7    XL:     6   Next: 33%
MP:   0/14          EV: 13    Int: 17    God:
Gold: 98            SH:  0    Dex: 12    Spells: 0/15 levels left

rFire    . . .     SeeInvis .   d - +0 hand axe
rCold    . . .     Faith    .   (no shield)
rNeg     + . .     Spirit   .   a - +1 robe
rPois    .         Reflect  .   (no helmet)
rElec    .         Harm     .   (no cloak)
rCorr    .         Rampage  .   (no gloves)
Will     .....                  (no boots)
Stlth    +++.......             c - amulet of the acrobat
HPRegen  0.14/turn              e - ring of positive energy
MPRegen  0.14/turn              (no ring)

@: very slightly contaminated, lightly drained, invisible
A: fangs 1, strong nose, distributed training
a: no special abilities


You were on level 4 of the Dungeon.
You visited 1 branch of the dungeon, and saw 3 of its levels.

You collected 98 gold pieces.

Inventory:

Hand Weapons
 d - a +0 hand axe (weapon)
Armour
 a - a +1 robe (worn)
Jewellery
 c - an amulet of the acrobat (around neck)
 e - a ring of positive energy (right hand)
Scrolls
 b - a scroll of teleportation {unknown}
 h - a scroll of immolation
 i - a scroll of identify
 j - 3 scrolls of enchant armour
 k - a scroll of fear {unknown}
Potions
 l - a potion of lignification


   Skills:
 + Level 1.9 Fighting
 + Level 1.9 Short Blades
 + Level 1.9 Long Blades
 + Level 1.9 Axes
 + Level 1.9 Maces & Flails
 + Level 1.9 Polearms
 + Level 1.9 Staves
 + Level 1.9 Slings
 + Level 1.9 Bows
 + Level 1.9 Crossbows
 + Level 1.9 Throwing
 + Level 1.9 Armour
 + Level 5.0 Dodging
 + Level 4.6 Stealth
 + Level 1.9 Shields
 + Level 1.9 Unarmed Combat
 + Level 5.3 Spellcasting
 + Level 1.5 Conjurations
 + Level 1.5 Hexes
 + Level 1.5 Summonings
 + Level 1.5 Necromancy
 + Level 1.5 Translocations
 + Level 1.5 Transmutations
 + Level 1.5 Fire Magic
 + Level 7.3 Ice Magic
 + Level 1.5 Air Magic
 + Level 1.5 Earth Magic
 + Level 1.5 Poison Magic
 + Level 2.1 Invocations
 + Level 1.9 Evocations


You couldn't memorise any spells.
You knew the following spells:

 Your Spells              Type           Power      Damage    Failure   Level
a - Freeze                Ice            100%       1d11      1%          1
b - Frozen Ramparts       Ice            58%        1d7       1%          3
c - Ozocubu's Armour      Ice            29%        N/A       1%          3
d - Hailstorm             Conj/Ice       19%        3d6       22%         4
e - Summon Ice Beast      Ice/Summ       19%        N/A       22%         4

Your spell library contained the following spells:

 Spells                   Type           Power      Damage    Failure   Level


Dungeon Overview and Level Annotations

Branches:
Dungeon (2/15)

Altars:
Cheibriados
Ru
Trog
Wu Jian
Zin

Annotations:
D:2 Sigmund


Innate Abilities, Weirdness & Mutations

You have very sharp teeth.
Your uncanny sense of smell can sniff out nearby items.
Your experience applies equally to all skills.


Message History

Your ice beast dies!
Casting: Summon Ice Beast (quite dangerous; 22% risk of failure)
Confirm with . or Enter, or press ? or * to list all spells.
The spell is quite dangerous to cast (22% risk of failure)!
Continue anyway?
A chill wind blows around you. What are your orders? t - Bark!
Orders for allies: a - Attack new target. p - Attack previous target. r - Retreat! s - Stop attacking. g - Guard the area. f - Follow me.
Anything else - Cancel.
Gang up on whom?
Press: ? - help, Dir - move target, f/p - wight
Aim: a wight, wielding a +2 battleaxe and wearing a +0 robe (ally target) Attack!
Your ice beast hits the wight.
Your ice beast freezes the wight.
The wight resists.
Unknown command.
You aren't carrying any items that you can evoke.
Unknown command.
As you read the scroll labelled BIOSHU SIMMIA, it crumbles to dust.
The creatures around you are filled with an inner flame!
It was a scroll of immolation.
Your ice beast barely misses the wight.
As you read the scroll labelled QOCZUEB GEUXT, it crumbles to dust.
It is a scroll of identify.
l - a potion of lignification The wight completely misses you.
The wight closely misses your ice beast.
Your ice beast hits the wight but does no damage.
As you read the scroll labelled GYERCH YXOAFY, it crumbles to dust.
It is a scroll of enchant armour.
Your +0 robe glows green for a moment.
The wight barely misses you.
The wight hits your ice beast with a +2 battleaxe!
Flame seeps out of your ice beast.
Your ice beast is engulfed in blazing flames.
Your ice beast explodes!
The fiery explosion engulfs the wight!!!
The wight explodes!
The fiery explosion engulfs you!!
Ouch! That really hurt!
You die...

##(.##. ......#..
#.....# ##........
#....## #.........
#...#####.........
###...).............
#..§§§.##...........
#.§§○..###..........
#.§§§### ##.........
###@## ###..##...
### #.##....
####.... ###.. ###


There were no monsters in sight!

Vanquished Creatures
  A wight (D:4)
  2 hounds (D:4)
  Terence (D:2)
  A worker ant (D:4)
  An iguana (D:4)
  4 adders
  3 gnolls (D:4)
  An adder skeleton (D:4)
  A worm (D:4)
  A dart slug (D:1)
  2 orcs (D:4)
  2 ball pythons
  5 giant cockroaches
  2 goblins (D:1)
  6 hobgoblins
  15 jackals
  2 quokkas (D:2)
  4 bats
  3 frilled lizards
  3 kobolds (D:1)
  3 rats (D:2)
63 creatures vanquished.

Vanquished Creatures (collateral kills)
  A wight (D:4)
1 creature vanquished.

Grand Total: 64 creatures vanquished

Notes
Turn   | Place    | Note
-------+----------+-------------------------------------------
     0 | D:1      | robertstho the Gnoll Ice Elementalist began the quest for
                  | the Orb.
     0 | D:1      | Reached XP level 1. HP: 13/13 MP: 6/6
   142 | D:1      | Reached XP level 2. HP: 19/19 MP: 5/7
   689 | D:1      | Reached XP level 3. HP: 25/25 MP: 6/9
   693 | D:1      | Learned a level 3 spell: Frozen Ramparts
   697 | D:1      | Learned a level 3 spell: Ozocubu's Armour
   752 | D:1      | Reached skill level 5 in Spellcasting
  1256 | D:2      | Noticed Terence
  1343 | D:2      | Reached skill level 1 in Invocations
  1426 | D:2      | Reached skill level 1 in Fighting
  1426 | D:2      | Reached skill level 1 in Short Blades
  1426 | D:2      | Reached skill level 1 in Long Blades
  1426 | D:2      | Reached skill level 1 in Axes
  1426 | D:2      | Reached skill level 1 in Maces & Flails
  1426 | D:2      | Reached skill level 1 in Polearms
  1426 | D:2      | Reached skill level 1 in Staves
  1426 | D:2      | Reached skill level 1 in Slings
  1426 | D:2      | Reached skill level 1 in Bows
  1426 | D:2      | Reached skill level 1 in Crossbows
  1426 | D:2      | Reached skill level 1 in Throwing
  1426 | D:2      | Reached skill level 1 in Armour
  1426 | D:2      | Reached skill level 1 in Shields
  1426 | D:2      | Reached skill level 1 in Unarmed Combat
  1426 | D:2      | Reached skill level 1 in Evocations
  1530 | D:2      | Reached XP level 4. HP: 26/32 MP: 3/11
  1646 | D:2      | Killed Terence
  1647 | D:2      | Reached skill level 1 in Conjurations
  1647 | D:2      | Reached skill level 1 in Hexes
  1647 | D:2      | Reached skill level 1 in Summonings
  1647 | D:2      | Reached skill level 1 in Necromancy
  1647 | D:2      | Reached skill level 1 in Translocations
  1647 | D:2      | Reached skill level 1 in Transmutations
  1647 | D:2      | Reached skill level 1 in Fire Magic
  1647 | D:2      | Reached skill level 1 in Air Magic
  1647 | D:2      | Reached skill level 1 in Earth Magic
  1647 | D:2      | Reached skill level 1 in Poison Magic
  1742 | D:2      | Noticed Sigmund
  2006 | D:1      | Learned a level 4 spell: Hailstorm
  2039 | D:2      | Found a glowing silver altar of Zin.
  2039 | D:2      | You fall into a shaft and drop 2 floors!
  2039 | D:4      | Found a sacrificial altar of Ru.
  2039 | D:4      | Found a bloodstained altar of Trog.
  2039 | D:4      | Found a snail-covered altar of Cheibriados.
  2039 | D:4      | Found an ornate altar of the Wu Jian Council.
  2046 | D:4      | Reached XP level 5. HP: 33/37 MP: 7/12
  2051 | D:4      | Identified the +0 kite shield of the Endless Expanse
                  | {Int+2}
  2214 | D:4      | Reached XP level 6. HP: 34/44 MP: 3/13
  2223 | D:4      | Learned a level 4 spell: Summon Ice Beast
  2581 | D:4      | Reached skill level 5 in Dodging
  2594 | D:4      | Killed by an exploding wight... ignited by their inner
                  | flame

Illustrated notes

Levels and vault maps discovered:
D:1:      minmay_arrival_checkered_box, layout_loops_ring,
          hangedman_decor_riveting
D:2:      layout_rooms, zin_treasury, uniq_terence, uniq_sigmund,
          uniq_crazy_yiuf_cottage
D:4:      layout_cave_pools, grunt_temple_overflow_open

Skill      XL: |  1  2  3  4  5  6 |
---------------+-------------------+-----
Spellcasting   | 5 |  5.3
Invocations    | 1 2 |  2.1
Fighting       | 1 |  1.9
Short Blades   | 1 |  1.9
Long Blades    | 1 |  1.9
Axes           | 1 |  1.9
Maces & Flails | 1 |  1.9
Polearms       | 1 |  1.9
Staves         | 1 |  1.9
Slings         | 1 |  1.9
Bows           | 1 |  1.9
Crossbows      | 1 |  1.9
Throwing       | 1 |  1.9
Armour         | 1 |  1.9
Shields        | 1 |  1.9
Unarmed Combat | 1 |  1.9
Evocations     | 1 |  1.9
Conjurations   | 1 |  1.5
Hexes          | 1 |  1.5
Summonings     | 1 |  1.5
Necromancy     | 1 |  1.5
Translocations | 1 |  1.5
Transmutations | 1 |  1.5
Fire Magic     | 1 |  1.5
Air Magic      | 1 |  1.5
Earth Magic    | 1 |  1.5
Poison Magic   | 1 |  1.5
Dodging        | 5 |  5.0
Stealth        | |  4.6
Ice Magic      | |  7.3

Action                   |  1- 3 |  4- 6 || total
-------------------------+-------+-------++-------
Melee: Unarmed           |     1 |       ||     1
       Hand axe          |    43 |    25 ||    68
       Bite              |     3 |     1 ||     4
 Cast: Freeze            |    40 |    23 ||    63
       Frozen Ramparts   |       |     6 ||     6
       Summon Ice Beast  |       |     3 ||     3
       Ozocubu's Armour  |       |     1 ||     1
  Use: Scroll            |       |     3 ||     3
       Potion            |       |     3 ||     3
 Stab: Sleeping          |     9 |     2 ||    11
Armor: Robe              |    12 |     5 ||    17
Dodge: Dodged            |    55 |    42 ||    97

Table legend: (Time is in decaauts)
 A = Elapsed time spent in this place.
 B = Non-inter-level travel time spent in this place.
 C = Inter-level travel time spent in this place.
 D = Time resting spent in this place.
 E = Time spent auto-exploring this place.
 F = Levels seen in this place.
 G = Mean time per level.
                   A        B        C        D        E       F      G
               +--------+--------+--------+--------+--------+-----+--------+
         Total |   2610 |   2542 |     68 |    209 |   1875 |   3 |  870.0 |
       Dungeon |   2610 |   2542 |     68 |    209 |   1875 |   3 |  870.0 |
               +--------+--------+--------+--------+--------+-----+--------+

Top non-repeatable levels by time:
     D:1: 1477 daAuts
     D:2: 573 daAuts
     D:4: 560 daAuts
